 Dungeon Crawl Stone Soup version 0.31-a0-180-g519b7de00c (webtiles) character file.

Game seed: 4638321911652657270

102594 avis the Spry (level 15, 0/98 HPs)
             Began as a Felid Summoner on June 18, 2023.
             Was an Initiate of Gozag.
             Slain by a water elemental (13 damage)
             ... on level 2 of the Shoals on June 19, 2023.
             The game lasted 07:08:12 (41997 turns).

avis the Spry (Felid Summoner)                     Turns: 41997, Time: 07:08:12

Health: 0/98       AC: 26    Str: 14    XL:     15   Next: 86%
Magic:  27/40      EV: 33    Int: 25    God:    Gozag
Gold:   5147       SH:  0    Dex: 19    Spells: 4/36 levels left
                                        Lives:  0   Deaths: 5

rFire   + .          .
                       - Unarmed
rCold   . . .        (shield unavailable)
rNeg    + . .        (body armour unavailable)
rPois   ∞            (helmet unavailable)
rElec   +            (cloak unavailable)
rCorr   .            (gloves unavailable)
SInv    +            (boots unavailable)
Will    ++...        h - amulet of magic regeneration
Stlth   +            l - ring "Ijazuj" {Wiz rPois MP+9 Str+7}
HPRegen 0.36/turn    L - ring "Laqisuw" {Fly rF+ Dex+2 Stlth-}
MPRegen 0.67/turn

%: wizardry (x1)
@: swift (expiring), statue-form, flying, studying Summonings
A: slow and powerful, torment resistance 1, boosted hp, very small, claws 1,
fangs 3, see invisible, (speed 1), (shaggy fur 3), stealthy paws, no weapons or
thrown items, no armour, multi-lived, (iridescent scales 1), clever 1, strong 1
a: End Transformation, Renounce Religion, Potion Petition, Call Merchant, Bribe
Branch


You were on level 2 of the Shoals.
You worshipped Gozag.
Gozag was greatly pleased with you.
You were a living statue of rough stone.
You visited 8 branches of the dungeon, and saw 30 of its levels.
You also visited: Sewer, Bailey, Gauntlet and Ice Cave.

You collected 10428 gold pieces.
You spent 3797 gold pieces at shops.
You paid 1484 gold pieces to Gozag.

Inventory:

Jewellery
 e - a ring of resist corrosion
 h - an amulet of magic regeneration (around neck)
 l - the ring "Ijazuj" (left paw) {Wiz rPois MP+9 Str+7}
   (You bought it in a shop on level 2 of the Orcish Mines)

   [ring of wizardry]

   It improves your spell success rate.
   Str:       It affects your strength (+7).
   rPois:     It protects you from poison.
   MP:        It affects your magic capacity (+9).
 n - an amulet of reflection
 p - an amulet of regeneration
 r - a +4 ring of protection
 u - a +6 ring of intelligence
 w - a +4 ring of slaying
 x - a +5 ring of evasion
 B - an amulet of the acrobat
 L - the ring "Laqisuw" (right paw) {Fly rF+ Dex+2 Stlth-}
   (You bought it in a shop on level 2 of the Orcish Mines)

   [ring of flight]

   Dex:       It affects your dexterity (+2).
   rF:        It protects you from fire.
   Fly:       It grants you flight.
   Stlth:     It makes you less stealthy.
Wands
 y - a wand of iceblast (22)
 A - a wand of polymorph (10)
 C - a wand of charming (8)
 F - a wand of quicksilver (16)
 I - a wand of flame (18)
 N - a wand of mindburst (6)
 X - a wand of digging (5)
Scrolls
 d - 3 scrolls of blinking
 f - a scroll of identify
 j - 3 scrolls of fear
 q - 3 scrolls of summoning
 E - 3 scrolls of fog
 H - 4 scrolls of poison
 O - a scroll of teleportation
 Q - a scroll of silence
 S - 2 scrolls of revelation
 T - a scroll of brand weapon
Potions
 a - 5 potions of magic
 b - 3 potions of berserk rage
 c - a potion of lignification
 g - 5 potions of might
 i - 13 potions of curing
 m - 3 potions of haste
 o - a potion of ambrosia
 s - 3 potions of cancellation
 t - a potion of invisibility
 z - 5 potions of brilliance
 K - 2 potions of enlightenment
 M - a potion of attraction
 P - 2 potions of heal wounds
Miscellaneous
 k - a box of beasts
 v - a piece from Xom's chessboard (15/15)
 D - a phial of floods
 G - a condenser vane
 J - a phantom mirror
 R - a lightning rod (4/4)


   Skills:
 - Level 14.4 Fighting
 - Level 18.5 Dodging
 - Level 2.6 Stealth
 - Level 6.5 Unarmed Combat
 - Level 11.0 Spellcasting
 - Level 5.0 Hexes
 + Level 14.3 Summonings
 * Level 10.6 Necromancy
 - Level 12.0 Transmutations
 - Level 7.0 Air Magic
 - Level 7.0 Earth Magic


You had 4 spell levels left.
You knew the following spells:

 Your Spells              Type           Power      Damage    Failure   Level
d - Call Canine Familiar  Summ           71%        N/A       1%          3
f - Swiftness             Air            48%        N/A       1%          3
g - Summon Guardian Gole  Hex/Summ       58%        N/A       1%          3
i - Vhi's Electric Charg  Tloc/Air       62%        N/A       1%          3
k - Tukima's Dance        Hex            38%        N/A       1%          3
l - Summon Lightning Spi  Summ/Air       61%        N/A       1%          4
H - Haunt                 Necr/Summ      33%        N/A       9%          7
S - Statue Form           Tmut/Erth      38%        N/A       6%          6

Your spell library contained the following spells:

 Spells                   Type           Power      Damage    Failure   Level
 Summon Small Mammal      Summ           100%       N/A       0%          1
 Call Imp                 Summ           100%       N/A       0%          2
 Apportation              Tloc           26%        N/A       1%          1
 Freeze                   Ice            52%        1d6       1%          1
 Necrotise                Necr           100%       1d9       1%          1
 Sandblast                Erth           96%        2d20      1%          1
 Slow                     Hex            100%       N/A       1%          1
 Cigotuvi's Dreadful Rot  Necr/Pois/Air  86%        N/A       1%          2
 Ensorcelled Hibernation  Hex/Ice        52%        N/A       1%          2
 Passwall                 Tmut/Erth      47%        N/A       1%          2
 Poisonous Vapours        Pois/Air       62%        N/A       1%          2
 Confusing Touch          Hex            38%        N/A       1%          3
 Dazzling Flash           Conj/Hex       52%        N/A       1%          3
 Ignite Poison            Fire/Tmut/Pois 33%        N/A       1%          3
 Inner Flame              Hex/Fire       26%        N/A       1%          3
 Spider Form              Tmut/Pois      43%        N/A       1%          3
 Stone Arrow              Conj/Erth      62%        3d10      1%          3
 Vampiric Draining        Necr           61%        2d10      1%          3
 Anguish                  Hex/Necr       26%        N/A       1%          4
 Ice Form                 Ice/Tmut       43%        N/A       1%          4
 Petrify                  Tmut/Erth      57%        N/A       1%          4
 Summon Ice Beast         Ice/Summ       49%        N/A       1%          4
 Mephitic Cloud           Conj/Pois/Air  25%        N/A       2%          3
 Frozen Ramparts          Ice            26%        1d4       5%          3
 Volatile Blastmotes      Fire/Tloc      26%        2d12      5%          3
 Flame Wave               Conj/Fire      13%        2d6       17%         4
 Iskenderun's Mystic Bla  Conj/Tloc      13%        2d5       17%         4
 Manifold Assault         Tloc           13%        N/A       17%         4
 Sticky Flame             Conj/Fire      13%        2d4       17%         4
 Agony                    Necr           61%        N/A       1%          5
 Blade Hands              Tmut           32%        N/A       1%          5
 Arcjolt                  Conj/Air       15%        1d25      12%         5
 Metabolic Englaciation   Hex/Ice        13%        N/A       17%         5
 Freezing Cloud           Conj/Ice/Air   12%        6-21      19%         5
 Summon Horrible Things   Summ           35%        N/A       32%         8
 Plasma Beam              Fire/Air       15%        2x1d27    52%         6
 Malign Gateway           Summ/Tloc      24%        N/A       58%         7
 Dispersal                Tloc           6%         N/A       92%         6
 Starburst                Conj/Fire      6%         6d4       92%         6
 Disjunction              Tloc           6%         N/A       100%        8
 Ignition                 Fire           6%         3d4       100%        8
 Portal Projectile        Hex/Tloc       Unusable   N/A       N/A         3
 Animate Armour           Summ/Erth      Unusable   N/A       N/A         4

Dungeon Overview and Level Annotations

Branches:
Dungeon (15/15)            Temple (1/1) D:5            Lair (5/5) D:9
 Shoals (2/4) Lair:3        Snake (3/4) Lair:3        Slime (1/5) Lair:4
    Orc (2/2) D:10            Elf (0/3) Orc:2        Vaults (0/5) D:14
 Depths (1/4) D:15          Sewer (visited)          Bailey (visited)
  IceCv (visited)         Gauntlet (visited)

Altars:
Ashenzari
Cheibriados
Dithmenos
Elyvilon
Fedhas
Gozag
Hepliaklqana
Kikubaaqudgha
Makhleb
Nemelex Xobeh
Okawaru
Qazlal
Ru
Sif Muna
Trog
Uskayaw
Vehumet
Wu Jian
Xom
Yredelemnul
Zin
The Shining One

Shops:
D:2 *   D:3 *   D:5 *   Orc:2 [:*=(   Lair:1 =   Lair:3 :   Shoals:1 !
Snake:2 [   Depths:1 *

Portals:
Hell: Depths:1

Annotations:
D:6 Can't reach some places.
Shoals:2 Polyphemus


Innate Abilities, Weirdness & Mutations

You are a living statue of rough stone.
Your actions are slow, but your melee attacks are powerful.
You are resistant to unholy torment.
Your maximum health is greatly increased.
You are immune to poison.
You have sharp claws.
You have razor-sharp teeth.
You have supernaturally acute eyesight. (SInv)
((You cover ground quickly. (Speed+)))
((Your thick and shaggy fur keeps you warm. (AC +3, rC+)))
Your paws help you pounce on unaware monsters.
You are incapable of wielding weapons or throwing items.
You cannot wear armour.
You gain extra lives every three experience levels.
((You are partially covered in iridescent scales. (AC +2)))
Your mind is acute. (Int +4, Str/Dex -1)
Your muscles are strong. (Str +4, Int/Dex -1)


Message History

Your wraith disappears in a puff of smoke!
Polyphemus throws a large rock.
The large rock completely misses you.
You revert to your normal fleshy form.
Polyphemus throws a large rock.
The large rock hits you!!
Polyphemus throws a large rock.
The large rock hits you!!
The water elemental is distracted by your dazzling golden aura.
The water elemental is no longer distracted by gold.
The water elemental hits you!!
* * * LOW HITPOINT WARNING * * *
The water elemental engulfs you in water!
You cannot cast spells while unable to breathe!
Save game and exit?
Okay, then.
You cannot cast spells while unable to breathe!
Unknown command.
You slip free of the water engulfing you.
You gasp with relief as air once again reaches your lungs.
Casting: Haunt (quite dangerous; 9% risk of failure)
Confirm with . or Enter, or press ? or * to list all spells.
You turn into a living statue of rough stone.
The water elemental hits you.
* * * LOW HITPOINT WARNING * * *
The water elemental completely misses you.
The water elemental completely misses you.
The water elemental completely misses you.
The water elemental hits you.
* * * LOW HITPOINT WARNING * * *
The water elemental engulfs you in water!
You slip free of the water engulfing you.
Polyphemus yells, "You will make a great snack!"
The water elemental completely misses you.
Casting: Statue Form (dangerous; 6% risk of failure)
Confirm with . or Enter, or press ? or * to list all spells.
You feel quick.
The water elemental completely misses you. x2
Polyphemus says, "Do you like to play 'catch'?"
You start to feel a little slower.
The water elemental hits you!
You die...
Your body crumbles into a pile of gold.

#.~≈~~≈≈≈..~≈≈≈.###....~~~~~~~~~
##)~≈~~.~.≈≈≈≈~~~.....~~~~~~~~~~≈
#..~~~~~~......~~~.~~~~~≈≈≈~~~~≈≈
.~......≈.###....~~~~~~≈≈≈≈~~~≈~.
...###...## ####...~~~≈≈≈≈≈≈≈≈~..
....##..## #.....~~~..~~~~~..
.~......# #......~....~~~~~.
........########..####.....~~~~~~
...~.~........CE8.## ##......~~~~
...~~~~.........~..###...~...~~~~
)..~~~~~~~~~~~~~~~~............~~
~..~~~~~~~~~~~~~~~~~~~~~.~.~~..~~
~~~~~~~~~~~~~~~~~~~~~~~~~~~~~~~~~
~~~~~≈≈≈≈≈≈≈≈≈≈≈≈≈≈~~~~~~~~~~~~~≈
≈≈≈≈≈≈≈≈≈≈≈≈≈≈≈≈≈≈≈≈≈≈≈≈≈≈≈≈≈≈≈≈≈
≈≈≈≈≈≈≈≈≈≈≈≈≈≈≈≈≈≈≈≈≈≈≈≈≈≈≈≈≈≈≈≈≈
≈≈≈≈≈≈≈≈≈≈≈≈≈≈≈≈≈≈≈≈≈≈≈≈≈≈≈≈≈≈≈≈≈


You could see Polyphemus and a water elemental.

Vanquished Creatures
  Asterion (Snake:1)
  A frost giant (D:15)
  Aizul (Snake:1)
  5 slime creatures
  3 ogre magi
  4 anacondas
  A hydra (D:13)
  2 centaur warriors
  A merfolk avatar (Shoals:2)
  A death knight (D:14)
  2 dancing weapons (D:14)
  2 naga warriors (Snake:1)
  5 two-headed ogres (Orc:2)
  2 tengu warriors (D:14)
  3 shock serpents
  3 sea snakes
  A wizard (D:14)
  2 orc knights
  A phantasmal warrior (D:14)
  A faun (Shoals:2)
  3 mana vipers
  2 manticores (D:11)
  An orc sorcerer (Orc:2)
  3 ugly things
  3 cyclopes
  3 salamanders (Snake:2)
  4 black mambas
  A merfolk siren (Shoals:2)
  A moth of wrath (Gauntlet)
  2 gargoyles (D:11)
  An unseen horror (D:11)
  2 kobold demonologists (D:11)
  A tengu conjurer (D:14)
  A troll (shapeshifter) (D:14)
  3 merfolk
  2 trolls (D:11)
  2 wind drakes
  2 snapping turtles (Shoals:2)
  A jumping spider (Gauntlet)
  A shadow (D:11)
  2 wraiths (D:14)
  5 vampire mosquitoes
  3 wargs
  An acid dragon (D:13)
  6 nagas
  6 orc warriors
  10 ogres
  6 centaurs
  2 kobold brigands (D:11)
  A gnoll sergeant (D:12)
  5 orc priests
  10 orc wizards
  4 gnolls (D:11)
  A river rat (Sewer)
  18 orcs
  2 jackals (D:1)
  7 kobolds
  3 bats
  A rat (Sewer)
174 creatures vanquished.

Vanquished Creatures (collateral kills)
  Jorgrun (Snake:3)
  Ilsuiw (Shoals:2)
  Louise (Snake:3)
  An orc warlord (Orc:1)
  Nessos (D:13)
  A merfolk impaler (Shoals:1)
  2 vault guards (Bailey)
  2 hydras
  The ghost of Ehotes the Geomancer, a journeyman OpTm of Cheibriados (Lair:1)
  3 catoblepae
  2 ogre magi (Orc:2)
  5 centaur warriors
  2 anacondas
  A merfolk avatar (Lair:5)
  10 two-headed ogres
  2 naga warriors (Snake:1)
  2 satyrs (Shoals:2)
  7 death yaks
  3 naga sharpshooters
  2 orc high priests (Orc:2)
  Sonja (Lair:2)
  3 skysharks
  A skeletal warrior (D:14)
  3 sea snakes
  A naga ritualist (Snake:1)
  A deep elf archer (Orc:1)
  An orc knight (Orc:2)
  3 deep elf pyromancers
  4 manticores
  A deep elf zephyrmancer (Orc:1)
  3 mana vipers
  An orc sorcerer (Orc:2)
  2 ugly things
  Maurice (D:9)
  4 salamanders
  2 cyclopes
  3 fauns (Shoals:2)
  Joseph (D:9)
  7 black mambas
  3 merfolk sirens
  6 elephants
  Maggie (D:8)
  3 naga magi (Snake:1)
  An ice statue (IceCv)
  2 gargoyles
  A cane toad (Lair:5)
  2 unseen horror zombies (D:10)
  4 komodo dragons
  A rime drake (Lair:5)
  2 polar bears
  3 merfolk
  3 trolls
  2 wind drakes
  Prince Ribbit (Bailey)
  5 blink frogs (Lair:5)
  9 dream sheep
  4 snapping turtles
  2 spriggans (Lair:4)
  Sigmund (D:3)
  A wyvern (Lair:2)
  12 slime creatures
  A wraith (D:10)
  21 yaks
  A shadow (D:10)
  A vampire (D:13)
  4 basilisks
  2 steam dragons
  2 vampire mosquitoes (D:14)
  A warg (Orc:1)
  6 water moccasins
  13 nagas
  10 orc warriors
  3 sky beasts
  An ice beast (shapeshifter) (D:14)
  2 black bears
  A swamp drake (D:10)
  14 ogres
  9 wolves
  11 centaurs
  A phantom (D:6)
  3 kobold brigands (D:9)
  17 bullfrogs
  3 gnoll sergeants
  9 wights
  7 killer bees (D:9)
  4 hounds
  5 orc priests
  A jelly (D:4)
  2 centaur skeletons (D:7)
  Natasha (D:3)
  4 iguanas
  12 orc wizards
  A nameless horror (Lair:5)
  26 gnolls
  17 adders
  4 river rats (Sewer)
  A white imp (D:7)
  An ufetubus (D:6)
  A worm (D:3)
  2 dart slugs
  40 orcs
  3 bats (D:3)
  6 endoplasms
  3 giant cockroaches
  9 hobgoblins
  8 jackals
  3 quokkas
  11 ball pythons
  3 frilled lizards
  13 goblins
  23 kobolds
  29 rats
538 creatures vanquished.

Vanquished Creatures (others)
  Agnes (D:14)
  A frost giant (IceCv)
  A dire elephant (D:15)
  A minotaur (Gauntlet)
  Snorg (D:10)
  An entropy weaver (Gauntlet)
  5 hydras
  Erolcha (D:10)
  A centaur warrior (D:14)
  A boulder beetle (D:10)
  5 two-headed ogres
  2 anacondas
  5 death yaks
  2 naga warriors
  A naga sharpshooter (Snake:3)
  2 shock serpents (Snake:1)
  2 skysharks
  A naga ritualist (Snake:2)
  The ghost of snackwell the Conjurer, a novice DgCj (D:7)
  2 ugly things (D:14)
  A manticore (Shoals:1)
  A mana viper (Snake:1)
  4 black mambas
  A cyclops (D:15)
  2 elephants
  A merfolk siren (Lair:3)
  An ice statue (D:8)
  A guardian serpent (Snake:3)
  A naga mage (Snake:3)
  A gargoyle (D:13)
  8 cane toads
  A rime drake (Lair:5)
  6 komodo dragons
  A troll (D:13)
  A wind drake (Lair:5)
  9 polar bears
  2 merfolk
  2 blink frogs (Lair:5)
  2 dream sheep
  2 slime creatures
  2 snapping turtles
  25 yaks
  3 dancing weapons
  A wyvern (Lair:5)
  2 humans (Bailey)
  An unseen horror simulacrum (D:7)
  A steam dragon (D:7)
  3 nagas (Lair:3)
  A water moccasin (Lair:4)
  4 orc warriors
  A sky beast (D:8)
  2 ogres (Orc:2)
  27 wolves
  5 centaurs
  2 bullfrogs (Bailey)
  A wight (D:8)
  2 killer bees (D:9)
  Natasha (twice) (D:3)
  A river rat (D:3)
  4 gnolls
  A howler monkey skeleton (D:7)
  An orc (D:7)
177 creatures vanquished.

Grand Total: 889 creatures vanquished

Notes
Turn   | Place    | Note
-------+----------+-------------------------------------------
     0 | D:1      | avis the Felid Summoner began the quest for the Orb.
     0 | D:1      | Reached XP level 1. HP: 7/7 MP: 4/4
   389 | D:1      | Reached XP level 2. HP: 11/11 MP: 6/6
   655 | D:1      | Learned a level 2 spell: Call Imp
   877 | D:1      | Reached XP level 3. HP: 14/14 MP: 8/8
   881 | D:1      | Learned a level 3 spell: Call Canine Familiar
  1149 | D:2      | Found Sutenoz's Assorted Antiques.
  2014 | D:2      | Found the +3 warlock's mirror {omnireflect}
  2170 | D:3      | Found a faded altar of an unknown god.
  2221 | D:2      | Reached XP level 4. HP: 7/18 MP: 9/10
  2291 | D:2      | Learned a level 3 spell: Summon Guardian Golem
  2332 | D:3      | Noticed Sigmund
  2510 | D:3      | Reached skill level 1 in Hexes
  2599 | D:3      | Found a glowing drain.
  2599 | D:3      | Noticed Natasha
  2622 | D:3      | Killed Natasha
  2623 | D:3      | Reached XP level 5. HP: 20/21 MP: 11/11
  2630 | D:3      | Noticed Natasha
  2643 | D:3      | Killed Natasha
  2658 | Sewer    | Entered a sewer
  2753 | Sewer    | Reached skill level 5 in Summonings
  2978 | Sewer    | Gained mutation: You are covered in thick fur. (AC +2)
                  | [Felid growth]
  2978 | Sewer    | Reached XP level 6. HP: 24/24 MP: 13/13
  3073 | Sewer    | Reached skill level 5 in Hexes
  3200 | D:3      | Learned a level 4 spell: Summon Lightning Spire
  3249 | D:3      | Noticed Natasha
  3259 | D:3      | Killed Natasha
  3371 | D:3      | Killed Sigmund
  3372 | D:3      | Reached skill level 1 in Fighting
  3372 | D:3      | Reached skill level 3 in Dodging
  3372 | D:3      | Reached skill level 5 in Spellcasting
  3372 | D:3      | Reached skill level 1 in Air Magic
  3372 | D:3      | Reached XP level 7. HP: 28/28 MP: 15/15
  3437 | D:3      | Found Zaecuel's General Store.
  3515 | D:4      | Found a sacrificial altar of Ru.
  3540 | D:4      | Found a stormy altar of Qazlal.
  4717 | D:5      | Entered Level 5 of the Dungeon
  4796 | D:5      | Found Ea-nāṣir's Fine Metal Goods.
  5614 | D:5      | Found a staircase to the Ecumenical Temple.
  5620 | Temple   | Entered the Ecumenical Temple
  5883 | Temple   | Became a worshipper of Gozag Ym Sagoz the Greedy
  5993 | D:3      | Bought a potion of curing for 42 gold pieces
  5993 | D:3      | Bought a scroll of identify for 28 gold pieces
  6020 | D:2      | Bought a potion of curing for 66 gold pieces
  6320 | D:5      | Found an ancient bone altar of Kikubaaqudgha.
  6886 | D:6      | Reached skill level 4 in Dodging
  6886 | D:6      | Reached XP level 8. HP: 33/33 MP: 17/17
  7011 | D:6      | Found a hazy altar of Hepliaklqana.
  7235 | D:6      | Found a shadowy altar of Dithmenos.
  7413 | D:6      | Learned a level 3 spell: Swiftness
  7785 | D:6      | Gained mutation: Your mind is acute. (Int +4, Str/Dex -1)
                  | [potion of mutation]
  7785 | D:6      | Gained mutation: Your muscles are strong. (Str +4, Int/Dex
                  | -1) [potion of mutation]
  7785 | D:6      | Gained mutation: You are partially covered in iridescent
                  | scales. (AC +2) [potion of mutation]
  7811 | D:7      | Found a runed translucent gate.
  7814 | D:7      | Found a runed translucent gate.
  7843 | D:7      | Found a runed translucent gate.
  7848 | D:7      | Noticed snackwell's ghost (novice DgCj)
  7891 | D:7      | Reached skill level 5 in Dodging
  8267 | D:7      | Reached XP level 9. HP: 37/37 MP: 20/20
  8493 | D:7      | Identified the +10 trident of Paur {freeze, rC++ Str+2}
  8632 | D:7      | Identified the +2 ring mail of the Valley {Stlth+}
  8879 | D:8      | Found a flagged portal.
  8909 | Bailey   | Entered a bailey
  9136 | Bailey   | Reached skill level 6 in Dodging
  9136 | Bailey   | Reached skill level 5 in Air Magic
  9183 | Bailey   | Noticed a vault guard
  9205 | Bailey   | Killed a vault guard
  9314 | Bailey   | Noticed a vault guard
  9314 | Bailey   | Noticed Prince Ribbit
  9323 | Bailey   | Killed Prince Ribbit
  9324 | Bailey   | Reached XP level 10. HP: 43/43 MP: 12/22
  9341 | Bailey   | Killed a vault guard
  9816 | D:8      | Noticed Maggie
  9833 | D:8      | Killed Maggie
  9990 | D:8      | Reached skill level 7 in Dodging
 10001 | D:8      | Reached skill level 5 in Fighting
 10302 | D:8      | Noticed an ice statue
 10357 | D:8      | Killed an ice statue
 11002 | D:9      | Noticed Maurice
 11007 | D:9      | HP: 2/44 [Maurice/iceblast (15)]
 11008 | D:9      | Noticed Joseph
 11012 | D:9      | Killed Maurice
 11013 | D:9      | Reached XP level 11. HP: 13/48 MP: 24/24
 11236 | D:9      | Killed Joseph
 11237 | D:9      | Reached skill level 8 in Dodging
 11399 | D:9      | Noticed a two-headed ogre
 11656 | D:9      | Killed a two-headed ogre
 11657 | D:9      | Engulfed by their own flame
 11658 | D:9      | Reached XP level 10. HP: -6/45 MP: 18/33
 11894 | D:9      | Found a staircase to the Lair.
 12279 | Lair:1   | Entered Level 1 of the Lair of Beasts
 12282 | Lair:1   | Bought the ring "Koanlog" {Drain rPois rC+ AC+4} for 631
                  | gold pieces
 12318 | Lair:1   | Found a runed translucent door.
 12318 | Lair:1   | Noticed Ehotes's ghost (journeyman OpTm)
 12542 | Lair:1   | Found a frozen archway.
 12552 | IceCv    | Entered an ice cave
 12785 | IceCv    | Reached skill level 9 in Dodging
 12808 | IceCv    | Reached skill level 10 in Spellcasting
 12818 | IceCv    | Reached XP level 11. HP: 49/49 MP: 20/26
 13003 | IceCv    | Reached skill level 10 in Summonings
 13118 | IceCv    | Reached skill level 10 in Dodging
 13616 | IceCv    | Noticed a death yak
 13617 | IceCv    | Noticed a death yak
 13648 | IceCv    | Killed a death yak
 13668 | IceCv    | Killed a death yak
 13669 | IceCv    | Reached skill level 11 in Dodging
 13831 | IceCv    | Noticed a death yak
 13831 | IceCv    | Noticed a death yak
 13831 | IceCv    | Noticed a frost giant
 13831 | IceCv    | Noticed a death yak
 13885 | IceCv    | Killed a frost giant
 13896 | IceCv    | Killed a death yak
 13900 | IceCv    | Killed a death yak
 13906 | IceCv    | Killed a death yak
 13907 | IceCv    | Reached skill level 12 in Dodging
 14331 | IceCv    | Got the Handbook of Refrigeration
 14857 | Lair:1   | Gained mutation: Your thick and shaggy fur keeps you warm.
                  | (AC +3, rC+) [Felid growth]
 14857 | Lair:1   | Reached XP level 12. HP: 57/57 MP: 15/27
 15461 | Lair:1   | Bought an amulet of magic regeneration for 390 gold pieces
 15568 | Lair:2   | Noticed Sonja
 15568 | Lair:2   | Noticed a five-headed hydra
 15584 | Lair:2   | Noticed an eight-headed hydra
 15594 | Lair:2   | Killed an eight-headed hydra
 15636 | Lair:2   | Reached skill level 13 in Dodging
 15641 | Lair:2   | Reached skill level 10 in Fighting
 15749 | Lair:2   | Killed Sonja
 15758 | Lair:2   | Killed a five-headed hydra
 16828 | Lair:3   | Learned a level 3 spell: Vhi's Electric Charge
 16856 | Lair:3   | Found a staircase to the Shoals.
 16881 | Lair:3   | Reached skill level 14 in Dodging
 17263 | Lair:3   | Noticed a death yak
 17264 | Lair:3   | Noticed a death yak
 17264 | Lair:3   | Noticed a death yak
 17266 | Lair:3   | Noticed a death yak
 17275 | Lair:3   | Noticed a death yak
 17277 | Lair:3   | Killed a death yak
 17282 | Lair:3   | Killed a death yak
 17295 | Lair:3   | Killed a death yak
 17310 | Lair:3   | Killed a death yak
 17330 | Lair:3   | Killed a death yak
 17594 | Lair:3   | Found a staircase to the Snake Pit.
 17810 | Lair:3   | Bought a book of Sloth for 396 gold pieces
 17817 | Lair:3   | Learned a level 6 spell: Statue Form
 17862 | Lair:4   | Found a staircase to the Slime Pits.
 17924 | Lair:4   | Noticed a catoblepas
 18002 | Lair:3   | Killed a catoblepas
 18182 | Lair:4   | Reached skill level 1 in Transmutations
 18212 | Lair:4   | Reached skill level 1 in Earth Magic
 18212 | Lair:4   | Reached XP level 13. HP: 31/63 MP: 26/28
 19079 | Slime:1  | Entered Level 1 of the Pits of Slime
 19138 | Lair:5   | Entered Level 5 of the Lair of Beasts
 19158 | Lair:4   | Reached skill level 15 in Dodging
 19854 | Lair:5   | HP: 2/64 [poisoned by a cane toad]
 20795 | Lair:4   | Reached skill level 5 in Transmutations
 22147 | Lair:5   | Killed from afar by a wind drake
 22148 | Lair:5   | Reached XP level 12. HP: -12/61 MP: 27/27
 22148 | Lair:5   | Noticed a seven-headed hydra
 22156 | Lair:5   | Killed a seven-headed hydra
 22157 | Lair:5   | Reached skill level 5 in Earth Magic
 22567 | Lair:5   | Reached XP level 13. HP: 30/64 MP: 19/28
 23193 | Lair:5   | Identified the +1 helmet of Wu Jian's Supremacy {rN+}
 23486 | D:7      | Killed snackwell's ghost
 23668 | Lair:1   | Killed Ehotes's ghost
 23731 | D:10     | Entered Level 10 of the Dungeon
 23971 | D:10     | Learned a level 3 spell: Tukima's Dance
 24123 | D:10     | Noticed Erolcha
 24178 | D:10     | Killed Erolcha
 24416 | D:10     | Reached skill level 16 in Dodging
 24976 | D:10     | Found a staircase to the Orcish Mines.
 25160 | D:10     | Found a basalt altar of Yredelemnul.
 25245 | Orc:1    | Entered Level 1 of the Orcish Mines
 25245 | Orc:1    | Noticed Snorg
 25326 | D:10     | Killed Snorg
 25916 | Orc:2    | Entered Level 2 of the Orcish Mines
 25916 | Orc:2    | Found a staircase to the Elven Halls.
 26364 | Orc:1    | Upgraded the game from 0.31-a0-177-g4aa6249778 to
                  | 0.31-a0-180-g519b7de00c
 27202 | Orc:2    | Noticed an orc warlord
 27262 | Orc:1    | Killed an orc warlord
 27681 | Orc:2    | Identified the +3 scimitar "Fiawu" {pain, rC+++ Int+2 SInv
                  | Stlth-}
 28157 | Orc:2    | Reached XP level 14. HP: 69/69 MP: 21/29
 28183 | Orc:2    | Reached skill level 10 in Transmutations
 28230 | Orc:2    | Reached skill level 17 in Dodging
 28320 | Orc:2    | Found Fuckemiv's Book Shop.
 28320 | Orc:2    | Found Arreha's Jewellery Shoppe.
 28321 | Orc:2    | Found Nuuc's Armour Emporium.
 28321 | Orc:2    | Found Dosox's Assorted Antiques.
 28387 | Orc:2    | Bought the ring "Ijazuj" {Wiz rPois MP+9 Str+7} for 972
                  | gold pieces
 28421 | Orc:2    | Found Bisesch's Weapon Emporium.
 28452 | Orc:2    | Paralysed by an ogre mage for 3 turns
 28678 | Orc:2    | Bought a potion of curing for 57 gold pieces
 28678 | Orc:2    | Bought a tubular golden ring for 95 gold pieces
 28678 | Orc:2    | Bought a scroll of fear for 76 gold pieces
 28678 | Orc:2    | Bought a wand of quicksilver (2) for 159 gold pieces
 29867 | D:12     | Reached skill level 1 in Unarmed Combat
 30836 | Lair:3   | Bought the Catalogue of Warped Bodies for 440 gold pieces
 30935 | Lair:1   | Learned a level 7 spell: Haunt
 30997 | D:13     | Noticed Nessos
 31010 | D:13     | Killed Nessos
 31136 | D:13     | Found a gate leading to a gauntlet.
 31145 | Gauntlet | Entered a Gauntlet
 31145 | Gauntlet | Found a transporter.
 31145 | Gauntlet | Found a transporter.
 31154 | Gauntlet | Found a transporter.
 31158 | Gauntlet | Found a transporter.
 31170 | Gauntlet | Found a transporter.
 31174 | Gauntlet | Found a transporter.
 31187 | Gauntlet | Found a transporter.
 31200 | Gauntlet | Found a runed translucent door.
 31204 | Gauntlet | Found a transporter.
 31226 | Gauntlet | Found a transporter.
 31230 | Gauntlet | Found a transporter.
 31242 | Gauntlet | Found a transporter.
 31246 | Gauntlet | Found a transporter.
 31416 | Gauntlet | Identified the ring of Xivae {Int+2 SInv}
 31997 | D:13     | Reached XP level 15. HP: 74/74 MP: 30/30
 32665 | D:14     | Noticed Agnes
 32678 | D:14     | Killed Agnes
 33083 | D:14     | Found a gate to the Vaults.
 33298 | D:15     | Entered Level 15 of the Dungeon
 33508 | D:14     | Reached skill level 5 in Unarmed Combat
 33561 | D:14     | Reached skill level 1 in Necromancy
 33843 | D:15     | Identified the +7 great mace of Fohyptee {spect, Str+3
                  | Int+5}
 33940 | D:15     | Found a staircase to the Depths.
 34895 | D:15     | Reached skill level 18 in Dodging
 35259 | Depths:1 | Entered Level 1 of the Depths
 35316 | Depths:1 | Found a gateway to Hell.
 35318 | Depths:1 | Found Roch's Gadget Gallery.
 35318 | Depths:1 | Noticed a frost giant
 35339 | D:15     | Killed a frost giant
 35527 | Depths:1 | Noticed a lich
 35900 | Snake:1  | Entered Level 1 of the Snake Pit
 35900 | Snake:1  | Noticed Aizul
 35910 | Snake:1  | Killed Aizul
 36552 | Snake:1  | Noticed Asterion
 36563 | Snake:1  | Noticed an Executioner
 36567 | Snake:1  | Slain by an Executioner
 36568 | Snake:1  | Reached XP level 14. HP: 0/93 MP: 30/39
 36594 | Snake:1  | Slain by an Executioner
 36595 | Snake:1  | Reached XP level 13. HP: 0/87 MP: 31/38
 36595 | Snake:1  | Reached XP level 14. HP: 72/72 MP: 30/30
 36596 | Snake:1  | Reached XP level 15. HP: 75/75 MP: 31/31
 36636 | Snake:1  | Killed Asterion
 36819 | Snake:1  | Reached XP level 16. HP: 79/79 MP: 32/32
 37117 | Snake:2  | Found Muntoz's Armour Shoppe.
 38550 | Snake:3  | Noticed Jorgrun
 38551 | Snake:3  | Noticed Louise
 38741 | Snake:3  | Shot with an arrow by a naga sharpshooter
 38742 | Snake:3  | Reached XP level 15. HP: -3/98 MP: 37/40
 38914 | Snake:3  | Killed Jorgrun
 39433 | Snake:3  | Killed Louise
 40169 | Orc:2    | Bought the ring "Laqisuw" {Fly rF+ Dex+2 Stlth-} for 445
                  | gold pieces
 40347 | Shoals:1 | Entered Level 1 of the Shoals
 40470 | Shoals:1 | Found Lone's Distillery.
 41273 | Shoals:2 | Noticed Ilsuiw
 41285 | Shoals:2 | Killed Ilsuiw
 41294 | Shoals:2 | Reached skill level 10 in Necromancy
 41870 | Shoals:2 | Identified the +9 quarterstaff of the Vendetta {venom, rF+
                  | MP+9 Dex+4}
 41965 | Shoals:2 | Noticed Polyphemus
 41997 | Shoals:2 | Slain by a water elemental

Illustrated notes

Levels and vault maps discovered:
D:1:      beargit_arrival_greenhouse, layout_loops_ring, minmay_unequal
D:2:      layout_basic, serial_shops, nicolae_shop_hallway_stairs,
          roderic_lattice_a
D:3:      layout_basic, shapermc_ecumenical_altar_totnotflames, serial_shops,
          shop, portal_sewer_entry_b, minmay_statues_item, uniq_sigmund,
          uniq_natasha
D:4:      layout_basic, grunt_temple_overflow_open
D:5:      layout_loops_cross, mainiacjoe_overflow_alcove_2,
          minmay_temple_entry_fiery, serial_bayou, serial_bayou_ford_a,
          serial_bayou_shore_a, serial_bayou_shore_b, serial_bayou_lake_a,
          serial_bayou_pond_a, serial_bayou_shore_b,
          nicolae_ea-nasir_strikes_again, minmay_misc_feat_tower
D:6:      layout_gridville, mainiacjoe_overflow_small_starburst,
          mainiacjoe_overflow_boulevard, chequers_serial_rivers_micro_d,
          chequers_serial_rivers_large_a
D:7:      layout_rooms, gammafunk_ghost_necromancy
D:8:      minmay_statue_hallways, layout_gridville, enter_bailey_4, uniq_maggie
D:9:      layout_basic, lair_entry_dummy, uniq_maurice, uniq_joseph
D:10:     layout_roguey, lemuel_zombie_altar_yredelemnul, erik_orc_1,
          uniq_erolcha
D:11:     layout_rooms
D:12:     layout_roguey
D:13:     layout_irregular_city, gauntlet_entry_generic, uniq_nessos
D:14:     layout_basic, erik_vaults_1, hangedman_abyss_or_decor_stabs,
          uniq_agnes
D:15:     hangedman_depths_entry_try_elsewhere_first, layout_loops_ring,
          minivault_4
Temple:   compressed_dpeg_triangle_lava_temple
Lair:1:   layout_small_grid, portal_ice_cave_entry_pillars_1,
          ebering_ghost_reflecting_pool, lemuel_fruit_fields
Lair:2:   layout_chaotic_city, uniq_sonja
Lair:3:   layout_loops_ring, elwin_shoals_entry_stream,
          nicolae_snake_entry_squirm
Lair:4:   layout_roguey, slime_entry_1, nicolae_quartered_pool_impasse,
          forest_entry_grove, grunt_megastairs_1, lemuel_fruit_tree
Lair:5:   gammafunk_lair_ancient_temple, layout_regular_city,
          infiniplex_staircase_pool_2
Shoals:1: layout_shoals, serial_shops, shop
Shoals:2: layout_shoals, uniq_polyphemus, uniq_ilsuiw
Snake:1:  layout_concentric_octagons, st_stairs_14, uniq_asterion, uniq_aizul
Snake:2:  layout_rooms, serial_shops, nicolae_shop_peninsula
Snake:3:  layout_cave_shapes, corexii_hall_statues_u,
          nicolae_snake_gridmaze_squiggle, drop_trap, st_stairs_4, uniq_louise,
          uniq_jorgrun
Slime:1:  layout_caves
Orc:1:    layout_caves, uniq_snorg
Orc:2:    st_orc_ogre_mass, layout_caves, serial_shops,
          nicolae_shop_bloodbath_and_beyond, elf_legates
Depths:1: layout_cave_shapes, grunt_pan_entry_zigzag, minivault_14, hell_entry,
          marbit_kobold_abyss_entry, nicolae_shop_gadgets, serial_bayou_shore_b

Skill      XL: |  1  2  3  4  5  6  7  8  9 10 11 12 13 14 15 16 |
---------------+-------------------------------------------------+-----
Spellcasting   | 3 4 5 6 7 10 9 11 | 11.0
Hexes          | 2 3 5 |  5.0
Summonings     | 5 6 7 9 10 12 14 | 14.3
Fighting       | 1 3 4 6 9 11 12 13 14 | 14.4
Dodging        | 3 4 5 6 9 12 14 16 17 18 | 18.5
Air Magic      | 1 2 4 5 7 |  7.0
Transmutations | 1 9 11 12 | 12.0
Earth Magic    | 5 6 7 |  7.0
Unarmed Combat | 3 6 |  6.5
Necromancy     | 6 7 10 8 | 10.6
Stealth        | |  2.6

Action                     |  1- 3 |  4- 6 |  7- 9 | 10-12 | 13-15 | 16-18 || total
---------------------------+-------+-------+-------+-------+-------+-------++-------
  Melee: Unarmed           |    17 |    22 |     1 |     9 |   627 |    55 ||   731
         Bite              |     2 |     1 |       |     1 |   139 |     9 ||   152
         Punch             |       |       |       |       |    23 |     2 ||    25
   Cast: Summon Small Mamm |    66 |    28 |    15 |       |       |       ||   109
         Call Imp          |    10 |    14 |    40 |    50 |    22 |       ||   136
         Call Canine Famil |       |    13 |    33 |    57 |   100 |     7 ||   210
         Summon Guardian G |       |    11 |    43 |   124 |   146 |    14 ||   338
         Summon Lightning  |       |       |    15 |    45 |   179 |    15 ||   254
         Statue Form       |       |       |       |       |   137 |    19 ||   156
         Tukima's Dance    |       |       |       |       |    19 |     9 ||    28
         Vhi's Electric Ch |       |       |       |       |     5 |     1 ||     6
         Haunt             |       |       |       |       |    49 |     1 ||    50
         Swiftness         |       |       |       |       |     1 |       ||     1
 Invoke: Call Merchant     |       |       |       |     2 |       |       ||     2
Ability: End Transformatio |       |       |       |       |    11 |     2 ||    13
  Evoke: Wand              |       |       |       |     2 |     2 |     1 ||     5
         Phantom mirror    |       |       |       |       |     1 |       ||     1
    Use: Scroll            |       |       |    11 |    15 |     8 |     1 ||    35
         Potion            |       |       |     1 |     1 |    13 |       ||    15
   Stab: Distracted        |     2 |       |       |       |    17 |     1 ||    20
         Sleeping          |       |       |       |       |     1 |       ||     1
 Armour: Skin              |     2 |     3 |     1 |    15 |   387 |    34 ||   442
  Dodge: Dodged            |    29 |    42 |    39 |   142 |  1967 |   156 ||  2375
  Block: Other             |       |     5 |     8 |       |       |       ||    13

Table legend: (Time is in decaauts)
 A = Elapsed time spent in this place.
 B = Non-inter-level travel time spent in this place.
 C = Inter-level travel time spent in this place.
 D = Time resting spent in this place.
 E = Time spent auto-exploring this place.
 F = Levels seen in this place.
 G = Mean time per level.
                   A        B        C        D        E       F      G
               +--------+--------+--------+--------+--------+-----+--------+
         Total |  42110 |  38029 |   4081 |  11832 |  10221 |  34 | 1238.5 |
       Dungeon |  19632 |  17439 |   2193 |   4815 |   6583 |  15 | 1308.8 |
        Temple |    222 |    210 |     12 |      0 |    196 |   1 |  222.0 |
          Lair |   8909 |   7541 |   1368 |   2695 |   1758 |   5 | 1781.8 |
        Shoals |   1790 |   1696 |     94 |    303 |    243 |   2 |  895.0 |
     Snake Pit |   4312 |   4045 |    267 |   1215 |   1136 |   3 | 1437.3 |
    Slime Pits |      1 |      1 |      0 |      0 |      0 |   1 |    1.0 |
  Orcish Mines |   3274 |   3128 |    146 |   1146 |    230 |   2 | 1637.0 |
        Depths |    118 |    118 |      0 |      0 |      0 |   1 |  118.0 |
         Sewer |    500 |    500 |      0 |    146 |      0 |   1 |  500.0 |
        Bailey |    796 |    796 |      0 |    396 |     73 |   1 |  796.0 |
      Ice Cave |   2143 |   2143 |      0 |   1082 |      0 |   1 | 2143.0 |
      Gauntlet |    407 |    407 |      0 |     32 |      0 |   1 |  407.0 |
               +--------+--------+--------+--------+--------+-----+--------+

Top non-repeatable levels by time:
  Lair:4: 2989 daAuts
    D:15: 2211 daAuts
    D:10: 2157 daAuts
   IceCv: 2143 daAuts
 Snake:1: 1858 daAuts
  Lair:5: 1843 daAuts
  Lair:3: 1774 daAuts
    D:14: 1744 daAuts
   Orc:1: 1735 daAuts
   Orc:2: 1538 daAuts
     D:9: 1432 daAuts
     D:5: 1375 daAuts
  Lair:1: 1359 daAuts
    D:13: 1273 daAuts
 Snake:3: 1247 daAuts
